[ AOE2 MATCH · #489065219 ]
UnrankedBritons vs Incas
[ REPLAY ANALYSIS · EXTRACTED FROM THE RECORDED GAME ]
Feudal
8:51
Castle
21:39
Imperial
—
| APM avg | 89.7 |
| APM peak | 224 |
| eAPM avg | 52.7 |
| Villagers / military | 73 / 41 |
Focus
⚔️ 62.9% · 🌾 37.1%
Knight ×24 · Scout Cavalry ×17
Feudal
9:04
Castle
—
Imperial
—
| APM avg | 41.6 |
| APM peak | 78 |
| eAPM avg | 16.2 |
| Villagers / military | 43 / 48 |
Focus
⚔️ 32.0% · 🌾 68.0%
Archer ×48
Feudal
8:51
Castle
—
Imperial
—
| APM avg | 71.5 |
| APM peak | 114 |
| eAPM avg | 29.3 |
| Villagers / military | 50 / 60 |
Focus
⚔️ 56.9% · 🌾 43.1%
Archer ×60
Feudal
9:07
Castle
24:49
Imperial
—
| APM avg | 63.5 |
| APM peak | 100 |
| eAPM avg | 28.7 |
| Villagers / military | 47 / 16 |
Focus
⚔️ 37.4% · 🌾 62.6%
Scout Cavalry ×16
Feudal
9:22
Castle
—
Imperial
—
| APM avg | 42.2 |
| APM peak | 60 |
| eAPM avg | 22.2 |
| Villagers / military | 48 / 45 |
Focus
⚔️ 45.7% · 🌾 54.3%
Archer ×36 · Skirmisher ×8 · Spearman ×1
Feudal
9:22
Castle
23:40
Imperial
—
| APM avg | 72.8 |
| APM peak | 108 |
| eAPM avg | 22.2 |
| Villagers / military | 47 / 18 |
Focus
⚔️ 40.2% · 🌾 59.8%
Scout Cavalry ×18 · Unknown (1944) ×10
Feudal
9:25
Castle
—
Imperial
—
| APM avg | 68.0 |
| APM peak | 114 |
| eAPM avg | 23.5 |
| Villagers / military | 68 / 28 |
Focus
⚔️ 45.5% · 🌾 54.5%
Scout Cavalry ×28
Feudal
8:26
Castle
23:26
Imperial
—
| APM avg | 66.1 |
| APM peak | 122 |
| eAPM avg | 24.9 |
| Villagers / military | 49 / 51 |
Focus
⚔️ 40.9% · 🌾 59.1%
Archer ×51
Match map
Initial resources + every placement click. Lines = walls · curves = elevation contours. ◆ gold · ⬟ stone · ● berries · ✦ relic · ◌ wall gap
Your base· Open — 2t gap
Lastmantillidie's base· Open — unwalled flank
FMG | GreatMaty's base· ✓ Closed at 22:51 · 29t walls · no gate
chambritas's base· ✓ Closed at 24:49 · 65t walls · no gate
[SotC] Gandalf's base· Open — unwalled flank
FMG | Santiago's base· Open — unwalled flank
Ahsoka's base· ✓ Closed at 23:54 · 37t walls · no gate
|FMG| TINCHO's base· ✓ Closed at 23:26 · 59t walls · no gate
Smoothed initial terrain · ◌ = detected wall gap · hover for details
Inputs per minute
— FMG | Culero Connor - - Lastmantillidie
Build order — FMG | Culero Connor
First 150 of 193 actions detected
| 0:01 | Create | Villager (Male) |
| 0:01 | Create | Villager (Male) |
| 0:02 | Build | House |
| 0:04 | Build | House |
| 0:07 | Create | Villager (Male) |
| 0:07 | Create | Villager (Male) |
| 0:08 | Create | Villager (Male) |
| 1:18 | Create | Villager (Male) |
| 1:44 | Create | Villager (Male) |
| 1:45 | Create | Villager (Male) |
| 1:50 | Build | Lumber Camp |
| 2:11 | Create | Villager (Male) |
| 2:12 | Create | Villager (Male) |
| 2:12 | Create | Villager (Male) |
| 2:12 | Create | Villager (Male) |
| 2:31 | Create | Villager (Male) |
| 2:32 | Create | Villager (Male) |
| 2:37 | Create | Villager (Male) |
| 2:37 | Create | Villager (Male) |
| 2:37 | Create | Villager (Male) |
| 3:05 | Create | Villager (Male) |
| 3:05 | Create | Villager (Male) |
| 3:36 | Create | Villager (Male) |
| 3:37 | Create | Villager (Male) |
| 3:37 | Create | Villager (Male) |
| 3:51 | Build | House |
| 4:19 | Create | Villager (Male) |
| 4:19 | Create | Villager (Male) |
| 4:20 | Create | Villager (Male) |
| 4:30 | Build | Mill |
| 5:16 | Create | Villager (Male) |
| 5:17 | Create | Villager (Male) |
| 5:17 | Create | Villager (Male) |
| 5:17 | Create | Villager (Male) |
| 5:17 | Create | Villager (Male) |
| 5:40 | Research | Loom |
| 6:33 | Research | Feudal Age |
| 6:34 | Research | Feudal Age |
| 6:34 | Research | Feudal Age |
| 7:27 | Build | Barracks |
| 7:42 | Build | House |
| 8:34 | Create | Villager (Male) |
| 8:42 | Build | Palisade Wall |
| 8:45 | Create | Villager (Male) |
| 8:51 | Age | Feudal Age |
| 8:55 | Create | Villager (Male) |
| 8:57 | Build | Stable |
| 8:58 | Research | Double-Bit Axe |
| 8:58 | Research | Double-Bit Axe |
| 9:18 | Research | Horse Collar |
| 9:18 | Research | Horse Collar |
| 9:18 | Research | Horse Collar |
| 9:19 | Research | Horse Collar |
| 9:26 | Build | House |
| 9:36 | Create | Scout Cavalry |
| 9:37 | Create | Scout Cavalry |
| 9:37 | Create | Scout Cavalry |
| 9:49 | Create | Scout Cavalry |
| 9:49 | Create | Scout Cavalry |
| 9:50 | Create | Scout Cavalry |
| 9:50 | Create | Scout Cavalry |
| 10:11 | Create | Scout Cavalry |
| 10:26 | Create | Villager (Male) |
| 10:26 | Create | Villager (Male) |
| 10:31 | Build | Farm |
| 10:32 | Build | Farm |
| 10:37 | Build | Palisade Wall |
| 10:45 | Build | Palisade Wall |
| 10:50 | Build | Farm |
| 10:51 | Create | Villager (Male) |
| 11:08 | Create | Scout Cavalry |
| 11:11 | Build | Farm |
| 11:20 | Build | House |
| 11:32 | Build | Farm |
| 11:35 | Create | Villager (Male) |
| 11:35 | Create | Villager (Male) |
| 11:36 | Create | Villager (Male) |
| 11:47 | Build | House |
| 12:27 | Create | Villager (Male) |
| 12:31 | Build | House |
| 12:40 | Build | Palisade Wall |
| 12:44 | Create | Scout Cavalry |
| 12:53 | Build | Palisade Wall |
| 13:02 | Build | Farm |
| 13:04 | Create | Scout Cavalry |
| 13:07 | Create | Villager (Male) |
| 13:07 | Create | Villager (Male) |
| 13:07 | Create | Villager (Male) |
| 13:21 | Build | Farm |
| 13:23 | Build | Farm |
| 13:27 | Build | Farm |
| 13:29 | Create | Scout Cavalry |
| 13:37 | Create | Scout Cavalry |
| 13:37 | Create | Scout Cavalry |
| 13:54 | Create | Scout Cavalry |
| 13:55 | Create | Villager (Male) |
| 13:58 | Build | Farm |
| 14:00 | Build | Blacksmith |
| 14:05 | Create | Villager (Male) |
| 14:15 | Build | Farm |
| 14:31 | Build | Mining Camp |
| 14:47 | Build | House |
| 14:48 | Build | House |
| 14:59 | Create | Scout Cavalry |
| 14:59 | Create | Scout Cavalry |
| 15:01 | Create | Villager (Male) |
| 15:03 | Build | Farm |
| 15:14 | Create | Villager (Male) |
| 15:15 | Create | Villager (Male) |
| 15:15 | Create | Villager (Male) |
| 15:15 | Create | Villager (Male) |
| 15:36 | Build | Farm |
| 15:41 | Create | Villager (Male) |
| 15:45 | Build | House |
| 16:00 | Build | Farm |
| 16:01 | Build | Farm |
| 16:02 | Create | Villager (Male) |
| 16:16 | Research | Scale Barding Armor |
| 16:16 | Research | Scale Barding Armor |
| 16:57 | Create | Villager (Male) |
| 17:00 | Build | House |
| 17:01 | Build | House |
| 17:21 | Build | Farm |
| 17:23 | Build | Farm |
| 17:42 | Build | Lumber Camp |
| 17:47 | Create | Villager (Male) |
| 18:01 | Build | House |
| 18:14 | Build | Farm |
| 18:18 | Create | Villager (Male) |
| 18:36 | Build | Farm |
| 18:59 | Research | Castle Age |
| 18:59 | Research | Castle Age |
| 18:59 | Research | Castle Age |
| 19:05 | Build | House |
| 19:49 | Research | Forging |
| 20:05 | Build | Stable |
| 20:14 | Build | House |
| 21:07 | Create | Villager (Male) |
| 21:10 | Build | House |
| 21:39 | Age | Castle Age |
| 21:41 | Create | Knight ×5 |
| 21:41 | Create | Knight ×5 |
| 21:52 | Build | Town Center |
| 21:53 | Create | Villager (Male) |
| 21:57 | Build | Town Center |
| 22:10 | Research | Chain Barding Armor |
| 22:10 | Research | Chain Barding Armor |
| 22:39 | Create | Knight |
| 22:43 | Build | Farm |
| 22:44 | Build | Farm |
Build order — Lastmantillidie
133 actions detected in the replay
| 0:02 | Create | Villager (Male) |
| 0:02 | Create | Villager (Male) |
| 0:03 | Build | House |
| 0:05 | Build | House |
| 0:23 | Create | Villager (Male) |
| 0:23 | Create | Villager (Male) |
| 1:35 | Create | Villager (Male) |
| 1:55 | Build | Settlement |
| 2:01 | Create | Villager (Male) |
| 2:34 | Create | Villager (Male) |
| 2:34 | Create | Villager (Male) |
| 2:34 | Create | Villager (Male) |
| 3:12 | Create | Villager (Male) |
| 3:36 | Create | Villager (Male) |
| 4:04 | Create | Villager (Male) |
| 4:31 | Create | Villager (Male) |
| 4:53 | Create | Villager (Male) |
| 4:57 | Create | Villager (Male) |
| 4:57 | Create | Villager (Male) |
| 5:08 | Build | House |
| 6:13 | Create | Villager (Male) |
| 6:54 | Research | Feudal Age |
| 6:54 | Research | Feudal Age |
| 7:25 | Build | Settlement |
| 7:58 | Build | Barracks |
| 8:28 | Research | Loom |
| 8:56 | Create | Villager (Male) |
| 8:57 | Create | Villager (Male) |
| 9:04 | Age | Feudal Age |
| 9:12 | Build | Archery Range |
| 9:16 | Research | Double-Bit Axe |
| 9:42 | Build | Archery Range |
| 9:59 | Create | Archer |
| 10:22 | Create | Archer |
| 10:23 | Create | Villager (Male) |
| 10:37 | Build | House |
| 10:41 | Create | Archer |
| 10:42 | Create | Archer |
| 10:48 | Build | Blacksmith |
| 10:59 | Create | Archer |
| 11:08 | Create | Villager (Male) |
| 11:20 | Create | Archer |
| 11:20 | Create | Archer |
| 11:24 | Build | House |
| 11:32 | Create | Villager (Male) |
| 11:50 | Create | Archer |
| 11:54 | Create | Archer |
| 12:27 | Create | Villager (Male) |
| 12:29 | Research | Fletching |
| 12:31 | Build | House |
| 12:42 | Create | Archer |
| 12:51 | Create | Villager (Male) |
| 12:56 | Build | Farm |
| 12:59 | Create | Archer |
| 13:24 | Create | Archer |
| 13:34 | Create | Villager (Male) |
| 13:37 | Build | Farm |
| 13:54 | Create | Archer |
| 13:54 | Create | Archer |
| 13:55 | Create | Villager (Male) |
| 13:59 | Research | Horse Collar |
| 14:03 | Create | Archer |
| 14:11 | Create | Villager (Male) |
| 14:17 | Build | Farm |
| 14:19 | Build | Farm |
| 14:21 | Build | Farm |
| 14:22 | Create | Archer |
| 14:22 | Create | Archer |
| 14:37 | Create | Villager (Male) |
| 14:45 | Build | Palisade Wall |
| 14:49 | Create | Archer |
| 15:09 | Create | Archer |
| 15:11 | Create | Villager (Male) |
| 15:13 | Build | Farm |
| 15:15 | Build | Farm |
| 15:26 | Create | Villager (Male) |
| 15:31 | Build | Farm |
| 15:41 | Create | Archer |
| 15:41 | Create | Archer |
| 15:43 | Create | Archer |
| 15:44 | Create | Villager (Male) |
| 16:14 | Create | Archer |
| 16:14 | Create | Archer |
| 16:20 | Create | Villager (Male) |
| 16:29 | Create | Archer |
| 17:16 | Create | Archer |
| 17:16 | Create | Archer |
| 17:17 | Create | Archer |
| 17:34 | Create | Archer |
| 17:35 | Create | Archer |
| 17:48 | Create | Villager (Male) |
| 17:48 | Create | Villager (Male) |
| 17:51 | Build | House |
| 18:00 | Build | House |
| 18:21 | Create | Villager (Male) |
| 18:21 | Create | Villager (Male) |
| 18:27 | Build | Farm |
| 18:49 | Create | Villager (Male) |
| 19:06 | Build | Settlement |
| 19:24 | Create | Archer |
| 19:24 | Create | Archer |
| 19:49 | Create | Villager (Male) |
| 19:49 | Create | Villager (Male) |
| 19:51 | Create | Archer |
| 19:52 | Create | Archer |
| 20:26 | Create | Villager (Male) |
| 20:30 | Create | Archer |
| 20:50 | Build | Farm |
| 20:51 | Build | Farm |
| 20:52 | Build | Farm |
| 20:55 | Build | Farm |
| 21:11 | Create | Villager (Male) |
| 21:19 | Create | Villager (Male) |
| 21:22 | Create | Archer |
| 21:22 | Create | Archer |
| 21:22 | Create | Archer |
| 21:23 | Create | Archer |
| 21:24 | Create | Archer |
| 21:52 | Create | Villager (Male) |
| 21:55 | Build | Settlement |
| 22:03 | Build | Settlement |
| 22:15 | Create | Archer |
| 22:16 | Create | Archer |
| 22:52 | Research | Castle Age |
| 22:54 | Create | Archer |
| 22:54 | Create | Archer |
| 23:33 | Create | Archer |
| 23:33 | Create | Archer |
| 23:40 | Research | Padded Archer Armor |
| 23:43 | Research | Gold Mining |
| 24:07 | Create | Archer |
| 24:07 | Create | Archer |
| 24:14 | Build | Archery Range |
Build order — FMG | GreatMaty
First 150 of 169 actions detected
| 0:00 | Create | Villager (Male) |
| 0:01 | Create | Villager (Male) |
| 0:01 | Create | Villager (Male) |
| 0:02 | Build | House |
| 0:03 | Build | House |
| 0:14 | Create | Villager (Male) |
| 0:14 | Create | Villager (Male) |
| 1:27 | Create | Villager (Male) |
| 1:27 | Create | Villager (Male) |
| 1:52 | Build | Lumber Camp |
| 1:59 | Create | Villager (Male) |
| 2:26 | Create | Villager (Male) |
| 2:26 | Create | Villager (Male) |
| 2:34 | Create | Villager (Male) |
| 2:56 | Create | Villager (Male) |
| 2:56 | Create | Villager (Male) |
| 3:10 | Create | Villager (Male) |
| 3:10 | Create | Villager (Male) |
| 3:36 | Build | House |
| 3:57 | Create | Villager (Male) |
| 3:57 | Create | Villager (Male) |
| 4:31 | Create | Villager (Male) |
| 4:38 | Build | Mining Camp |
| 4:59 | Create | Villager (Male) |
| 5:11 | Create | Villager (Male) |
| 5:34 | Create | Villager (Male) |
| 5:34 | Research | Loom |
| 6:26 | Research | Feudal Age |
| 7:30 | Build | Barracks |
| 7:49 | Build | House |
| 8:36 | Create | Villager (Male) |
| 8:51 | Age | Feudal Age |
| 8:52 | Build | Archery Range |
| 8:54 | Build | Archery Range |
| 9:00 | Create | Villager (Male) |
| 9:22 | Build | Archery Range |
| 9:27 | Create | Villager (Male) |
| 9:38 | Create | Villager (Male) |
| 9:43 | Build | House |
| 9:44 | Build | Palisade Wall |
| 9:50 | Create | Archer |
| 9:50 | Create | Archer |
| 10:03 | Build | House |
| 10:09 | Create | Archer |
| 10:09 | Create | Archer |
| 10:12 | Create | Archer |
| 10:31 | Create | Archer |
| 10:31 | Create | Archer |
| 10:37 | Create | Villager (Male) |
| 10:43 | Build | Palisade Wall |
| 10:47 | Build | Palisade Wall |
| 10:55 | Create | Archer |
| 10:55 | Create | Archer |
| 11:01 | Create | Villager (Male) |
| 11:04 | Create | Archer |
| 11:04 | Create | Archer |
| 11:13 | Create | Villager (Male) |
| 11:13 | Create | Villager (Male) |
| 11:20 | Create | Archer |
| 11:20 | Create | Archer |
| 11:47 | Create | Villager (Male) |
| 11:51 | Build | Blacksmith |
| 12:11 | Build | House |
| 12:30 | Create | Archer |
| 12:33 | Create | Archer |
| 12:33 | Create | Archer |
| 12:42 | Research | Fletching |
| 12:43 | Research | Fletching |
| 12:43 | Create | Archer |
| 12:44 | Create | Archer |
| 12:59 | Create | Villager (Male) |
| 13:02 | Build | House |
| 13:28 | Build | House |
| 13:40 | Build | Mill |
| 14:08 | Create | Archer |
| 14:09 | Create | Archer |
| 14:09 | Create | Archer |
| 14:09 | Create | Archer |
| 14:23 | Create | Villager (Male) |
| 14:27 | Build | House |
| 14:31 | Build | House |
| 14:34 | Create | Archer |
| 14:44 | Create | Archer |
| 14:44 | Create | Archer |
| 14:48 | Create | Villager (Male) |
| 14:48 | Create | Villager (Male) |
| 14:58 | Create | Archer |
| 14:58 | Create | Archer |
| 14:59 | Create | Archer |
| 15:07 | Build | House |
| 15:11 | Build | Palisade Wall |
| 15:17 | Create | Villager (Male) |
| 15:17 | Create | Villager (Male) |
| 15:19 | Create | Archer |
| 15:19 | Create | Archer |
| 15:32 | Create | Archer |
| 15:32 | Create | Archer |
| 15:44 | Create | Archer |
| 15:44 | Create | Archer |
| 15:46 | Create | Archer |
| 15:46 | Create | Archer |
| 16:08 | Create | Villager (Male) |
| 16:10 | Create | Archer |
| 16:16 | Build | Farm |
| 16:27 | Create | Villager (Male) |
| 16:28 | Create | Archer |
| 16:28 | Create | Archer |
| 17:09 | Create | Villager (Male) |
| 17:10 | Create | Villager (Male) |
| 17:10 | Create | Archer |
| 17:11 | Create | Archer |
| 17:11 | Create | Archer |
| 17:11 | Create | Archer |
| 17:40 | Create | Villager (Male) |
| 17:41 | Create | Archer |
| 17:41 | Create | Archer |
| 17:43 | Build | Farm |
| 17:44 | Build | Farm |
| 17:46 | Build | Farm |
| 17:50 | Create | Villager (Male) |
| 17:51 | Build | House |
| 18:12 | Create | Archer |
| 18:12 | Create | Archer |
| 18:12 | Create | Archer |
| 18:23 | Research | Padded Archer Armor |
| 18:23 | Research | Padded Archer Armor |
| 18:26 | Build | House |
| 18:27 | Build | Palisade Wall |
| 18:32 | Create | Villager (Male) |
| 18:33 | Create | Archer |
| 18:45 | Create | Archer |
| 18:45 | Create | Archer |
| 18:51 | Build | House |
| 18:53 | Build | Palisade Wall |
| 18:57 | Build | House |
| 19:00 | Build | Palisade Wall |
| 19:03 | Build | Palisade Wall |
| 19:03 | Build | Palisade Wall |
| 19:14 | Create | Villager (Male) |
| 19:34 | Create | Villager (Male) |
| 19:47 | Build | Farm |
| 19:48 | Create | Archer |
| 19:48 | Create | Archer |
| 19:49 | Create | Archer |
| 19:56 | Research | Double-Bit Axe |
| 20:14 | Create | Villager (Male) |
| 20:34 | Create | Villager (Male) |
| 20:35 | Create | Archer |
| 20:35 | Create | Archer |
| 20:35 | Create | Archer |
Build order — chambritas
145 actions detected in the replay
| 0:01 | Create | Villager (Male) |
| 0:02 | Build | House |
| 0:03 | Build | House |
| 0:04 | Create | Villager (Male) |
| 0:28 | Create | Villager (Male) |
| 0:46 | Create | Villager (Male) |
| 1:31 | Research | Loom |
| 1:31 | Research | Loom |
| 1:31 | Create | Villager (Male) |
| 1:53 | Build | Lumber Camp |
| 2:06 | Create | Villager (Male) |
| 2:30 | Create | Villager (Male) |
| 2:49 | Create | Villager (Male) |
| 3:11 | Create | Villager (Male) |
| 3:26 | Build | House |
| 3:43 | Create | Villager (Male) |
| 3:44 | Create | Villager (Male) |
| 4:06 | Build | Mill |
| 4:15 | Create | Villager (Male) |
| 4:15 | Create | Villager (Male) |
| 4:35 | Create | Villager (Male) |
| 4:36 | Create | Villager (Male) |
| 4:36 | Create | Villager (Male) |
| 5:37 | Create | Villager (Male) |
| 5:58 | Create | Villager (Male) |
| 6:25 | Create | Villager (Male) |
| 6:58 | Research | Feudal Age |
| 7:08 | Build | Lumber Camp |
| 7:25 | Build | House |
| 8:11 | Build | Barracks |
| 8:24 | Create | Villager (Male) |
| 8:52 | Create | Villager (Male) |
| 9:03 | Create | Villager (Male) |
| 9:05 | Build | Palisade Wall |
| 9:06 | Build | Palisade Wall |
| 9:07 | Age | Feudal Age |
| 9:08 | Build | Palisade Wall |
| 9:32 | Build | Palisade Wall |
| 9:45 | Create | Villager (Male) |
| 9:46 | Build | Stable |
| 9:59 | Create | Villager (Male) |
| 10:11 | Research | Double-Bit Axe |
| 10:11 | Research | Double-Bit Axe |
| 10:13 | Research | Horse Collar |
| 10:13 | Research | Horse Collar |
| 10:17 | Build | Palisade Wall |
| 10:24 | Build | Palisade Wall |
| 10:25 | Build | Palisade Wall |
| 10:30 | Build | Palisade Wall |
| 10:31 | Create | Scout Cavalry |
| 10:32 | Create | Villager (Male) |
| 10:39 | Build | House |
| 10:49 | Create | Scout Cavalry |
| 10:51 | Create | Villager (Male) |
| 11:27 | Create | Villager (Male) |
| 11:56 | Create | Scout Cavalry |
| 11:56 | Create | Scout Cavalry |
| 12:05 | Create | Villager (Male) |
| 12:14 | Build | Farm |
| 12:27 | Create | Villager (Male) |
| 12:50 | Build | Farm |
| 12:51 | Build | Farm |
| 12:52 | Build | Farm |
| 12:54 | Build | Farm |
| 12:56 | Build | Farm |
| 13:01 | Create | Scout Cavalry |
| 13:05 | Build | Palisade Wall |
| 13:31 | Create | Villager (Male) |
| 13:40 | Create | Scout Cavalry |
| 13:48 | Build | Watch Tower |
| 14:01 | Build | Farm |
| 14:02 | Build | Farm |
| 14:06 | Create | Scout Cavalry |
| 14:10 | Create | Villager (Male) |
| 14:13 | Build | House |
| 14:25 | Build | House |
| 14:48 | Build | Farm |
| 14:49 | Build | Farm |
| 14:58 | Build | Farm |
| 15:07 | Create | Scout Cavalry |
| 15:09 | Create | Scout Cavalry |
| 15:18 | Build | Farm |
| 15:22 | Create | Scout Cavalry |
| 15:22 | Create | Villager (Male) |
| 15:41 | Build | Mining Camp |
| 15:48 | Create | Scout Cavalry |
| 15:53 | Create | Villager (Male) |
| 15:59 | Build | Blacksmith |
| 16:14 | Create | Villager (Male) |
| 16:19 | Build | Farm |
| 16:28 | Build | Palisade Wall |
| 16:33 | Build | Farm |
| 16:37 | Build | Palisade Wall |
| 16:43 | Create | Scout Cavalry |
| 16:48 | Create | Villager (Male) |
| 17:03 | Research | Scale Barding Armor |
| 17:12 | Create | Villager (Male) |
| 17:16 | Build | House |
| 17:18 | Build | House |
| 17:36 | Create | Scout Cavalry |
| 17:54 | Create | Villager (Male) |
| 17:59 | Build | Farm |
| 18:00 | Build | Farm |
| 18:01 | Build | Farm |
| 18:13 | Build | Lumber Camp |
| 18:17 | Create | Villager (Male) |
| 18:22 | Build | Palisade Wall |
| 18:30 | Create | Villager (Male) |
| 18:44 | Build | Palisade Wall |
| 18:46 | Create | Villager (Male) |
| 18:48 | Create | Scout Cavalry |
| 19:12 | Create | Scout Cavalry |
| 19:13 | Create | Villager (Male) |
| 19:15 | Build | Farm |
| 19:26 | Create | Villager (Male) |
| 19:39 | Build | Market |
| 19:49 | Build | Farm |
| 19:52 | Create | Villager (Male) |
| 20:07 | Build | Farm |
| 20:15 | Build | Mining Camp |
| 20:26 | Build | House |
| 20:29 | Build | Palisade Wall |
| 20:32 | Build | Palisade Wall |
| 20:47 | Create | Villager (Male) |
| 20:55 | Create | Scout Cavalry |
| 21:07 | Build | House |
| 21:17 | Create | Villager (Male) |
| 22:09 | Research | Castle Age |
| 22:09 | Research | Castle Age |
| 22:29 | Build | Watch Tower |
| 22:46 | Research | Fletching |
| 22:58 | Build | Stable |
| 23:01 | Build | Palisade Wall |
| 23:16 | Build | Palisade Wall |
| 23:18 | Build | Palisade Wall |
| 23:19 | Build | Palisade Wall |
| 23:27 | Research | Gold Mining |
| 23:28 | Research | Padded Archer Armor |
| 23:29 | Create | Villager (Male) |
| 23:42 | Build | Watch Tower |
| 23:43 | Create | Villager (Male) |
| 23:49 | Research | Bloodlines |
| 24:18 | Build | Farm |
| 24:47 | Build | Watch Tower |
| 24:49 | Age | Castle Age |
Build order — [SotC] Gandalf
First 150 of 153 actions detected
| 0:02 | Create | Villager (Male) |
| 0:02 | Create | Villager (Male) |
| 0:03 | Create | Villager (Male) |
| 0:03 | Create | Villager (Male) |
| 0:04 | Build | House |
| 0:05 | Build | House |
| 1:27 | Create | Villager (Male) |
| 2:04 | Create | Villager (Male) |
| 2:21 | Create | Villager (Male) |
| 2:31 | Build | Lumber Camp |
| 2:45 | Create | Villager (Male) |
| 3:10 | Create | Villager (Male) |
| 3:30 | Build | House |
| 3:31 | Build | House |
| 3:36 | Create | Villager (Male) |
| 3:56 | Create | Villager (Male) |
| 4:22 | Build | Palisade Wall |
| 4:23 | Build | Palisade Wall |
| 4:24 | Build | Palisade Wall |
| 4:29 | Create | Villager (Male) |
| 4:37 | Create | Villager (Male) |
| 5:05 | Create | Villager (Male) |
| 5:34 | Create | Villager (Male) |
| 6:00 | Create | Villager (Male) |
| 6:04 | Build | Mining Camp |
| 6:31 | Create | Villager (Male) |
| 6:41 | Research | Loom |
| 7:12 | Research | Feudal Age |
| 7:16 | Build | Lumber Camp |
| 8:10 | Build | Barracks |
| 8:42 | Create | Villager (Male) |
| 8:48 | Build | House |
| 8:49 | Build | Palisade Wall |
| 9:22 | Age | Feudal Age |
| 9:25 | Build | Archery Range |
| 9:30 | Build | Archery Range |
| 9:33 | Create | Villager (Male) |
| 9:53 | Create | Spearman |
| 10:01 | Build | House |
| 10:26 | Create | Archer |
| 10:32 | Create | Archer |
| 10:35 | Create | Villager (Male) |
| 10:37 | Build | Mill |
| 10:43 | Create | Archer |
| 10:58 | Create | Archer |
| 11:05 | Create | Archer |
| 11:19 | Create | Villager (Male) |
| 11:38 | Build | Blacksmith |
| 11:42 | Build | Palisade Wall |
| 11:46 | Create | Archer |
| 11:49 | Create | Villager (Male) |
| 12:25 | Research | Fletching |
| 12:27 | Create | Villager (Male) |
| 12:41 | Create | Villager (Male) |
| 12:48 | Create | Archer |
| 12:49 | Create | Archer |
| 12:55 | Create | Villager (Male) |
| 13:04 | Create | Archer |
| 13:05 | Create | Archer |
| 13:16 | Create | Archer |
| 13:39 | Create | Archer |
| 13:48 | Build | House |
| 13:52 | Create | Archer |
| 13:55 | Research | Double-Bit Axe |
| 13:57 | Create | Villager (Male) |
| 14:09 | Create | Archer |
| 14:18 | Build | House |
| 14:22 | Create | Villager (Male) |
| 14:43 | Create | Archer |
| 14:53 | Create | Villager (Male) |
| 15:03 | Create | Archer |
| 15:04 | Create | Villager (Male) |
| 15:10 | Create | Villager (Male) |
| 15:13 | Build | Archery Range |
| 15:32 | Create | Villager (Male) |
| 15:36 | Build | Watch Tower |
| 15:53 | Create | Archer |
| 15:57 | Create | Villager (Male) |
| 15:59 | Build | House |
| 16:20 | Build | Archery Range |
| 16:24 | Create | Archer |
| 16:36 | Build | House |
| 16:46 | Create | Archer |
| 16:46 | Create | Archer |
| 16:55 | Create | Villager (Male) |
| 17:02 | Create | Archer |
| 17:14 | Build | Farm |
| 17:20 | Create | Villager (Male) |
| 17:22 | Build | Farm |
| 17:23 | Create | Archer |
| 17:28 | Research | Padded Archer Armor |
| 17:30 | Create | Villager (Male) |
| 17:42 | Build | Farm |
| 17:44 | Build | Farm |
| 17:46 | Build | House |
| 17:47 | Build | House |
| 17:49 | Create | Villager (Male) |
| 18:04 | Build | Farm |
| 18:10 | Create | Archer |
| 18:10 | Create | Archer |
| 18:12 | Create | Villager (Male) |
| 18:17 | Create | Archer |
| 18:26 | Build | Farm |
| 18:43 | Create | Archer |
| 18:43 | Create | Archer |
| 18:44 | Create | Villager (Male) |
| 18:51 | Build | House |
| 18:53 | Build | House |
| 18:54 | Build | House |
| 18:55 | Build | House |
| 18:56 | Build | House |
| 18:58 | Create | Archer |
| 18:59 | Create | Archer |
| 19:04 | Build | Gate |
| 19:06 | Build | House |
| 19:07 | Build | House |
| 19:10 | Build | Farm |
| 19:17 | Build | Farm |
| 19:19 | Research | Town Watch |
| 19:20 | Create | Archer |
| 19:21 | Create | Archer |
| 19:38 | Research | Horse Collar |
| 19:42 | Build | Farm |
| 19:46 | Create | Archer |
| 19:47 | Create | Archer |
| 20:01 | Create | Villager (Male) |
| 20:11 | Build | Farm |
| 20:12 | Build | Farm |
| 20:12 | Create | Archer |
| 20:19 | Create | Villager (Male) |
| 20:27 | Build | Mining Camp |
| 20:28 | Create | Archer |
| 20:33 | Create | Villager (Male) |
| 20:34 | Create | Skirmisher |
| 20:35 | Create | Skirmisher |
| 20:40 | Build | Farm |
| 21:01 | Build | Farm |
| 21:06 | Create | Skirmisher |
| 21:13 | Create | Villager (Male) |
| 21:18 | Create | Skirmisher |
| 21:41 | Create | Villager (Male) |
| 21:48 | Create | Archer |
| 21:56 | Create | Villager (Male) |
| 22:32 | Create | Villager (Male) |
| 22:57 | Create | Villager (Male) |
| 23:14 | Create | Villager (Male) |
| 23:38 | Build | Palisade Wall |
| 23:42 | Create | Villager (Male) |
| 24:01 | Create | Skirmisher |
| 24:02 | Create | Skirmisher |
Build order — FMG | Santiago
First 150 of 152 actions detected
| 0:01 | Create | Villager (Male) |
| 0:02 | Build | House |
| 0:03 | Build | House |
| 0:17 | Create | Villager (Male) |
| 0:17 | Create | Villager (Male) |
| 0:17 | Create | Villager (Male) |
| 1:25 | Create | Villager (Male) |
| 1:26 | Create | Villager (Male) |
| 1:54 | Build | Lumber Camp |
| 1:59 | Create | Villager (Male) |
| 2:00 | Create | Villager (Male) |
| 2:17 | Create | Villager (Male) |
| 2:17 | Create | Villager (Male) |
| 2:43 | Create | Villager (Male) |
| 2:43 | Create | Villager (Male) |
| 3:00 | Create | Villager (Male) |
| 3:27 | Create | Villager (Male) |
| 3:28 | Create | Villager (Male) |
| 3:59 | Build | House |
| 4:07 | Create | Villager (Male) |
| 4:07 | Create | Villager (Male) |
| 4:17 | Build | House |
| 4:20 | Create | Villager (Male) |
| 4:55 | Create | Villager (Male) |
| 4:59 | Build | Mill |
| 5:00 | Create | Villager (Male) |
| 5:05 | Create | Villager (Male) |
| 5:23 | Create | Villager (Male) |
| 5:32 | Research | Loom |
| 7:12 | Research | Feudal Age |
| 7:27 | Build | Barracks |
| 7:48 | Build | House |
| 7:58 | Build | Palisade Wall |
| 7:59 | Build | Palisade Wall |
| 8:03 | Build | Palisade Wall |
| 8:04 | Build | Palisade Wall |
| 8:05 | Build | Palisade Wall |
| 8:26 | Create | Villager (Male) |
| 9:22 | Age | Feudal Age |
| 9:26 | Create | Villager (Male) |
| 9:29 | Build | Stable |
| 9:31 | Research | Double-Bit Axe |
| 9:32 | Research | Horse Collar |
| 9:42 | Create | Villager (Male) |
| 10:04 | Build | Farm |
| 10:05 | Build | Farm |
| 10:18 | Create | Scout Cavalry |
| 10:19 | Create | Scout Cavalry |
| 10:23 | Create | Villager (Male) |
| 10:31 | Build | House |
| 10:32 | Build | House |
| 10:41 | Create | Villager (Male) |
| 11:11 | Create | Scout Cavalry |
| 11:22 | Create | Scout Cavalry |
| 11:35 | Build | House |
| 11:36 | Create | Villager (Male) |
| 11:36 | Create | Villager (Male) |
| 11:42 | Build | House |
| 11:53 | Create | Scout Cavalry |
| 12:12 | Create | Scout Cavalry |
| 12:17 | Build | House |
| 12:30 | Create | Scout Cavalry |
| 12:31 | Create | Villager (Male) |
| 12:32 | Create | Villager (Male) |
| 12:35 | Build | Farm |
| 12:36 | Build | Farm |
| 12:37 | Build | Farm |
| 12:38 | Build | Farm |
| 12:39 | Build | Farm |
| 12:40 | Build | Farm |
| 12:56 | Build | Farm |
| 13:03 | Create | Scout Cavalry |
| 13:29 | Create | Scout Cavalry |
| 13:32 | Build | Farm |
| 13:33 | Build | Farm |
| 13:33 | Build | Farm |
| 13:33 | Build | Farm |
| 13:33 | Build | Farm |
| 13:35 | Create | Villager (Male) |
| 13:35 | Create | Villager (Male) |
| 13:45 | Create | Villager (Male) |
| 14:08 | Create | Villager (Male) |
| 14:27 | Build | Blacksmith |
| 14:45 | Create | Villager (Male) |
| 14:51 | Build | Farm |
| 14:52 | Create | Scout Cavalry |
| 14:52 | Create | Villager (Male) |
| 14:54 | Build | Farm |
| 15:12 | Create | Scout Cavalry |
| 15:20 | Research | Scale Barding Armor |
| 15:34 | Create | Villager (Male) |
| 15:47 | Build | Farm |
| 15:53 | Build | Lumber Camp |
| 15:54 | Create | Villager (Male) |
| 16:05 | Create | Scout Cavalry |
| 16:17 | Create | Villager (Male) |
| 16:29 | Build | Farm |
| 16:30 | Create | Villager (Male) |
| 16:33 | Build | Mining Camp |
| 16:38 | Create | Scout Cavalry |
| 16:39 | Create | Scout Cavalry |
| 17:13 | Create | Villager (Male) |
| 17:18 | Build | Farm |
| 17:19 | Build | Farm |
| 17:19 | Build | Farm |
| 17:19 | Build | Farm |
| 17:19 | Build | Farm |
| 17:35 | Create | Scout Cavalry |
| 17:50 | Create | Villager (Male) |
| 17:53 | Build | Farm |
| 17:54 | Build | Farm |
| 17:55 | Build | Farm |
| 18:06 | Create | Scout Cavalry |
| 18:09 | Research | Wheelbarrow |
| 18:34 | Build | Farm |
| 18:35 | Build | Farm |
| 18:35 | Build | Farm |
| 18:35 | Build | Farm |
| 18:43 | Create | Scout Cavalry |
| 19:01 | Create | Villager (Male) |
| 19:04 | Build | House |
| 19:06 | Build | Farm |
| 19:10 | Create | Scout Cavalry |
| 19:34 | Build | House |
| 19:52 | Build | House |
| 19:56 | Build | Palisade Gate |
| 20:52 | Build | Farm |
| 21:00 | Research | Castle Age |
| 21:28 | Research | Forging |
| 21:34 | Build | Stable |
| 21:36 | Create | Villager (Male) |
| 22:07 | Research | Gold Mining |
| 22:44 | Build | Stable |
| 22:47 | Create | Villager (Male) |
| 23:26 | Research | Bloodlines |
| 23:40 | Age | Castle Age |
| 23:41 | Create | Unit 1944 |
| 23:42 | Create | Unit 1944 |
| 23:42 | Create | Unit 1944 |
| 23:42 | Create | Unit 1944 |
| 23:48 | Build | Market |
| 23:57 | Create | Unit 1944 |
| 23:57 | Create | Unit 1944 |
| 24:05 | Create | Villager (Male) |
| 24:14 | Create | Unit 1944 |
| 24:14 | Create | Unit 1944 |
| 24:37 | Create | Unit 1944 |
| 24:38 | Create | Unit 1944 |
| 24:42 | Research | Chain Barding Armor |
| 24:45 | Build | House |
Build order — Ahsoka
First 150 of 172 actions detected
| 0:01 | Create | Villager (Male) |
| 0:01 | Create | Villager (Male) |
| 0:01 | Create | Villager (Male) |
| 0:03 | Build | House |
| 0:04 | Build | House |
| 0:09 | Create | Villager (Male) |
| 0:09 | Create | Villager (Male) |
| 1:26 | Create | Villager (Male) |
| 1:26 | Create | Villager (Male) |
| 1:46 | Build | Lumber Camp |
| 2:01 | Create | Villager (Male) |
| 2:02 | Create | Villager (Male) |
| 2:02 | Create | Villager (Male) |
| 2:29 | Create | Villager (Male) |
| 2:29 | Create | Villager (Male) |
| 2:30 | Create | Villager (Male) |
| 2:31 | Create | Villager (Male) |
| 2:31 | Create | Villager (Male) |
| 3:09 | Create | Villager (Male) |
| 3:24 | Build | House |
| 3:44 | Create | Villager (Male) |
| 3:44 | Create | Villager (Male) |
| 4:15 | Create | Villager (Male) |
| 4:15 | Create | Villager (Male) |
| 4:15 | Create | Villager (Male) |
| 4:30 | Create | Villager (Male) |
| 5:01 | Create | Villager (Male) |
| 5:01 | Create | Villager (Male) |
| 5:04 | Create | Villager (Male) |
| 5:04 | Create | Villager (Male) |
| 5:23 | Create | Villager (Male) |
| 5:41 | Create | Villager (Male) |
| 5:49 | Create | Villager (Male) |
| 5:54 | Create | Villager (Male) |
| 5:54 | Create | Villager (Male) |
| 6:05 | Create | Villager (Male) |
| 6:12 | Build | Mill |
| 6:19 | Create | Villager (Male) |
| 6:26 | Research | Loom |
| 7:15 | Research | Feudal Age |
| 7:15 | Research | Feudal Age |
| 8:03 | Build | Barracks |
| 8:05 | Build | House |
| 8:50 | Create | Villager (Male) |
| 9:25 | Age | Feudal Age |
| 9:29 | Build | Stable |
| 9:32 | Research | Double-Bit Axe |
| 9:33 | Create | Villager (Male) |
| 10:03 | Create | Villager (Male) |
| 10:10 | Create | Scout Cavalry |
| 10:10 | Create | Scout Cavalry |
| 10:12 | Create | Villager (Male) |
| 10:15 | Build | House |
| 10:20 | Build | House |
| 10:29 | Build | Palisade Gate |
| 10:31 | Create | Scout Cavalry |
| 10:33 | Create | Villager (Male) |
| 10:35 | Build | Farm |
| 10:38 | Build | Farm |
| 10:41 | Research | Horse Collar |
| 10:50 | Create | Scout Cavalry |
| 10:51 | Create | Villager (Male) |
| 10:53 | Build | House |
| 10:58 | Build | Palisade Wall |
| 11:01 | Create | Villager (Male) |
| 11:14 | Create | Villager (Male) |
| 11:24 | Build | Palisade Wall |
| 11:26 | Build | Palisade Wall |
| 11:30 | Build | Palisade Wall |
| 11:40 | Create | Scout Cavalry |
| 12:06 | Create | Scout Cavalry |
| 12:10 | Build | Farm |
| 12:30 | Create | Scout Cavalry |
| 12:31 | Create | Villager (Male) |
| 12:34 | Build | House |
| 12:35 | Build | House |
| 12:42 | Create | Villager (Male) |
| 12:45 | Build | House |
| 12:47 | Build | House |
| 12:53 | Build | Farm |
| 12:54 | Build | Farm |
| 13:08 | Build | Blacksmith |
| 13:16 | Create | Villager (Male) |
| 13:40 | Create | Villager (Male) |
| 13:41 | Build | House |
| 13:42 | Build | House |
| 14:08 | Research | Scale Barding Armor |
| 14:08 | Research | Scale Barding Armor |
| 14:14 | Create | Villager (Male) |
| 14:18 | Build | House |
| 14:19 | Build | House |
| 14:20 | Build | House |
| 14:25 | Create | Scout Cavalry |
| 14:29 | Build | Farm |
| 14:30 | Create | Villager (Male) |
| 14:32 | Build | Farm |
| 14:42 | Build | House |
| 14:43 | Build | House |
| 14:45 | Create | Scout Cavalry |
| 14:55 | Create | Villager (Male) |
| 15:05 | Build | House |
| 15:06 | Build | House |
| 15:14 | Create | Villager (Male) |
| 15:17 | Build | Farm |
| 15:22 | Build | Farm |
| 15:25 | Build | Farm |
| 15:26 | Build | Farm |
| 15:33 | Research | Forging |
| 15:33 | Research | Forging |
| 15:34 | Research | Forging |
| 15:49 | Build | Farm |
| 15:50 | Create | Villager (Male) |
| 15:51 | Build | Farm |
| 16:16 | Create | Scout Cavalry |
| 16:20 | Build | Mining Camp |
| 16:39 | Create | Villager (Male) |
| 17:04 | Create | Scout Cavalry |
| 17:05 | Create | Villager (Male) |
| 17:11 | Build | Stable |
| 17:21 | Create | Villager (Male) |
| 17:22 | Build | Farm |
| 17:24 | Build | Farm |
| 17:25 | Build | Farm |
| 17:27 | Build | Farm |
| 17:29 | Build | Farm |
| 17:31 | Create | Villager (Male) |
| 17:40 | Create | Scout Cavalry |
| 17:41 | Create | Scout Cavalry |
| 17:54 | Create | Villager (Male) |
| 17:56 | Build | Farm |
| 18:01 | Build | Farm |
| 18:14 | Create | Scout Cavalry |
| 18:14 | Create | Scout Cavalry |
| 18:15 | Create | Scout Cavalry |
| 18:32 | Create | Villager (Male) |
| 18:44 | Build | Market |
| 18:46 | Create | Scout Cavalry |
| 18:47 | Create | Scout Cavalry |
| 18:55 | Build | House |
| 18:59 | Create | Villager (Male) |
| 19:03 | Build | Palisade Wall |
| 19:08 | Build | House |
| 19:32 | Create | Villager (Male) |
| 19:33 | Create | Scout Cavalry |
| 19:53 | Research | Bloodlines |
| 20:14 | Create | Villager (Male) |
| 20:19 | Create | Villager (Male) |
| 20:26 | Build | House |
| 20:32 | Create | Scout Cavalry |
| 20:32 | Create | Scout Cavalry |
Build order — |FMG| TINCHO
First 150 of 171 actions detected
| 0:01 | Create | Villager (Male) |
| 0:02 | Build | House |
| 0:03 | Build | House |
| 0:06 | Create | Villager (Male) |
| 0:07 | Create | Villager (Male) |
| 0:07 | Create | Villager (Male) |
| 1:26 | Create | Villager (Male) |
| 1:26 | Create | Villager (Male) |
| 1:52 | Create | Villager (Male) |
| 1:54 | Build | Lumber Camp |
| 2:24 | Create | Villager (Male) |
| 2:39 | Create | Villager (Male) |
| 3:10 | Create | Villager (Male) |
| 3:10 | Create | Villager (Male) |
| 3:21 | Create | Villager (Male) |
| 3:21 | Create | Villager (Male) |
| 3:50 | Build | House |
| 4:00 | Create | Villager (Male) |
| 4:05 | Create | Villager (Male) |
| 4:06 | Create | Villager (Male) |
| 4:23 | Create | Villager (Male) |
| 4:36 | Build | Mining Camp |
| 5:21 | Create | Villager (Male) |
| 5:23 | Research | Loom |
| 6:15 | Research | Feudal Age |
| 6:16 | Research | Feudal Age |
| 7:12 | Build | Barracks |
| 7:32 | Build | House |
| 8:12 | Create | Villager (Male) |
| 8:26 | Age | Feudal Age |
| 8:37 | Build | Archery Range |
| 9:02 | Build | House |
| 9:04 | Create | Villager (Male) |
| 9:06 | Build | Archery Range |
| 9:23 | Create | Archer |
| 9:23 | Create | Archer |
| 9:24 | Create | Villager (Male) |
| 9:27 | Create | Villager (Male) |
| 9:32 | Create | Archer |
| 9:39 | Create | Archer |
| 9:44 | Create | Archer |
| 10:02 | Create | Villager (Male) |
| 10:04 | Build | Blacksmith |
| 10:09 | Create | Archer |
| 10:10 | Create | Villager (Male) |
| 10:11 | Create | Villager (Male) |
| 10:18 | Build | Palisade Wall |
| 10:19 | Build | Palisade Wall |
| 10:59 | Research | Fletching |
| 10:59 | Research | Fletching |
| 11:18 | Build | House |
| 11:32 | Create | Archer |
| 11:33 | Create | Archer |
| 11:33 | Create | Archer |
| 11:40 | Build | House |
| 11:50 | Create | Archer |
| 11:56 | Create | Archer |
| 11:57 | Create | Villager (Male) |
| 12:00 | Build | Mill |
| 12:00 | Create | Villager (Male) |
| 12:05 | Build | House |
| 12:27 | Create | Archer |
| 12:33 | Create | Villager (Male) |
| 12:42 | Build | Farm |
| 12:49 | Create | Archer |
| 12:50 | Build | House |
| 12:52 | Build | Palisade Wall |
| 12:53 | Build | Palisade Wall |
| 13:20 | Create | Archer |
| 13:29 | Create | Villager (Male) |
| 13:30 | Create | Archer |
| 13:31 | Create | Villager (Male) |
| 13:37 | Create | Archer |
| 13:44 | Research | Double-Bit Axe |
| 13:44 | Research | Double-Bit Axe |
| 13:50 | Create | Archer |
| 14:00 | Create | Villager (Male) |
| 14:02 | Build | Farm |
| 14:07 | Create | Archer |
| 14:20 | Build | Farm |
| 14:30 | Create | Archer |
| 14:43 | Create | Archer |
| 14:47 | Create | Villager (Male) |
| 14:52 | Build | Farm |
| 14:58 | Build | Farm |
| 15:00 | Research | Padded Archer Armor |
| 15:03 | Create | Archer |
| 15:09 | Create | Villager (Male) |
| 15:11 | Build | House |
| 15:16 | Build | Farm |
| 15:22 | Create | Archer |
| 15:40 | Create | Archer |
| 15:41 | Create | Villager (Male) |
| 15:44 | Build | Farm |
| 15:53 | Build | Palisade Wall |
| 15:57 | Create | Villager (Male) |
| 16:00 | Build | House |
| 16:04 | Build | Palisade Wall |
| 16:15 | Create | Villager (Male) |
| 16:18 | Create | Villager (Male) |
| 16:21 | Create | Villager (Male) |
| 16:27 | Create | Archer |
| 16:30 | Create | Archer |
| 16:30 | Create | Villager (Male) |
| 16:33 | Build | Palisade Wall |
| 16:37 | Build | Palisade Wall |
| 16:41 | Build | Palisade Wall |
| 16:45 | Create | Villager (Male) |
| 17:17 | Create | Archer |
| 17:19 | Create | Archer |
| 17:19 | Create | Archer |
| 17:44 | Create | Archer |
| 17:47 | Create | Archer |
| 17:58 | Create | Villager (Male) |
| 18:00 | Build | Farm |
| 18:00 | Create | Archer |
| 18:12 | Create | Villager (Male) |
| 18:21 | Build | Market |
| 18:34 | Create | Villager (Male) |
| 18:57 | Build | Farm |
| 18:58 | Build | Farm |
| 19:00 | Create | Archer |
| 19:30 | Create | Archer |
| 19:34 | Build | Farm |
| 19:36 | Create | Villager (Male) |
| 19:53 | Create | Archer |
| 19:54 | Create | Archer |
| 19:56 | Create | Villager (Male) |
| 20:11 | Create | Archer |
| 20:20 | Build | Archery Range |
| 20:22 | Build | Palisade Wall |
| 20:25 | Build | Lumber Camp |
| 20:32 | Create | Villager (Male) |
| 20:34 | Build | House |
| 20:46 | Research | Castle Age |
| 20:46 | Research | Castle Age |
| 20:47 | Research | Castle Age |
| 21:38 | Create | Archer |
| 21:40 | Create | Archer |
| 21:40 | Create | Villager (Male) |
| 21:43 | Research | Gold Mining |
| 21:45 | Build | Lumber Camp |
| 21:48 | Create | Archer |
| 21:57 | Create | Archer |
| 22:10 | Build | Palisade Wall |
| 22:14 | Create | Archer |
| 22:18 | Build | Palisade Wall |
| 22:21 | Create | Archer |
| 22:28 | Create | Archer |
| 22:32 | Create | Archer |
Match timeline
| 4:22 | [SotC] Gandalf · wall_segment Palisade Wall x6 |
| 4:23 | [SotC] Gandalf · wall_segment Palisade Wall x11 |
| 4:24 | [SotC] Gandalf · wall_segment Palisade Wall x9 |
| 7:12 | |FMG| TINCHO · first_building Barracks |
| 7:27 | FMG | Culero Connor · first_building Barracks |
| 7:27 | FMG | Santiago · first_building Barracks |
| 7:30 | FMG | GreatMaty · first_building Barracks |
| 7:58 | Lastmantillidie · first_building Barracks |
| 7:58 | FMG | Santiago · wall_segment Palisade Wall x1 |
| 7:59 | FMG | Santiago · wall_segment Palisade Wall x1 |
| 8:03 | FMG | Santiago · wall_segment Palisade Wall x1 |
| 8:03 | Ahsoka · first_building Barracks |
| 8:04 | FMG | Santiago · wall_segment Palisade Wall x1 |
| 8:05 | FMG | Santiago · wall_segment Palisade Wall x1 |
| 8:10 | [SotC] Gandalf · first_building Barracks |
| 8:11 | chambritas · first_building Barracks |
| 8:26 | |FMG| TINCHO · age_up feudal |
| 8:37 | |FMG| TINCHO · first_building Archery Range |
| 8:42 | FMG | Culero Connor · wall_segment Palisade Wall x1 |
| 8:49 | [SotC] Gandalf · wall_segment Palisade Wall x9 |
| 8:51 | FMG | GreatMaty · age_up feudal |
| 8:51 | FMG | Culero Connor · age_up feudal |
| 8:52 | FMG | GreatMaty · first_building Archery Range |
| 8:57 | FMG | Culero Connor · first_building Stable |
| 9:04 | Lastmantillidie · age_up feudal |
| 9:05 | chambritas · wall_segment Palisade Wall x1 |
| 9:06 | chambritas · wall_segment Palisade Wall x1 |
| 9:07 | chambritas · age_up feudal |
| 9:08 | chambritas · wall_segment Palisade Wall x1 |
| 9:12 | Lastmantillidie · first_building Archery Range |
| 9:22 | [SotC] Gandalf · age_up feudal |
| 9:22 | FMG | Santiago · age_up feudal |
| 9:25 | [SotC] Gandalf · first_building Archery Range |
| 9:25 | Ahsoka · age_up feudal |
| 9:29 | Ahsoka · first_building Stable |
| 9:29 | FMG | Santiago · first_building Stable |
| 9:32 | chambritas · wall_segment Palisade Wall x1 |
| 9:44 | FMG | GreatMaty · wall_segment Palisade Wall x1 |
| 9:46 | chambritas · first_building Stable |
| 10:17 | chambritas · wall_segment Palisade Wall x8 |
| 10:18 | |FMG| TINCHO · wall_segment Palisade Wall x3 |
| 10:19 | |FMG| TINCHO · wall_segment Palisade Wall x2 |
| 10:24 | chambritas · wall_segment Palisade Wall x4 |
| 10:25 | chambritas · wall_segment Palisade Wall x5 |
| 10:30 | chambritas · wall_segment Palisade Wall x6 |
| 10:37 | FMG | Culero Connor · wall_segment Palisade Wall x5 |
| 10:43 | FMG | GreatMaty · wall_segment Palisade Wall x1 |
| 10:45 | FMG | Culero Connor · wall_segment Palisade Wall x13 |
| 10:47 | FMG | GreatMaty · wall_segment Palisade Wall x8 |
| 10:58 | Ahsoka · wall_segment Palisade Wall x7 |
| 11:24 | Ahsoka · wall_segment Palisade Wall x2 |
| 11:26 | Ahsoka · wall_segment Palisade Wall x8 |
| 11:30 | Ahsoka · wall_segment Palisade Wall x2 |
| 11:42 | [SotC] Gandalf · wall_segment Palisade Wall x1 |
| 12:40 | FMG | Culero Connor · wall_segment Palisade Wall x7 |
| 12:52 | |FMG| TINCHO · wall_segment Palisade Wall x3 |
| 12:53 | FMG | Culero Connor · wall_segment Palisade Wall x6 |
| 12:53 | |FMG| TINCHO · wall_segment Palisade Wall x4 |
| 13:05 | chambritas · wall_segment Palisade Wall x3 |
| 14:45 | Lastmantillidie · wall_segment Palisade Wall x8 |
| 15:11 | FMG | GreatMaty · wall_segment Palisade Wall x5 |
| 15:53 | |FMG| TINCHO · wall_segment Palisade Wall x1 |
| 16:04 | |FMG| TINCHO · wall_segment Palisade Wall x15 |
| 16:28 | chambritas · wall_segment Palisade Wall x4 |
| 16:33 | |FMG| TINCHO · wall_segment Palisade Wall x6 |
| 16:37 | |FMG| TINCHO · wall_segment Palisade Wall x13 |
| 16:37 | chambritas · wall_segment Palisade Wall x2 |
| 16:41 | |FMG| TINCHO · wall_segment Palisade Wall x13 |
| 18:22 | chambritas · wall_segment Palisade Wall x6 |
| 18:27 | FMG | GreatMaty · wall_segment Palisade Wall x2 |
| 18:44 | chambritas · wall_segment Palisade Wall x11 |
| 18:53 | FMG | GreatMaty · wall_segment Palisade Wall x1 |
| 19:00 | FMG | GreatMaty · wall_segment Palisade Wall x9 |
| 19:03 | FMG | GreatMaty · wall_segment Palisade Wall x1 |
| 19:03 | Ahsoka · wall_segment Palisade Wall x1 |
| 19:03 | FMG | GreatMaty · wall_segment Palisade Wall x1 |
| 20:22 | |FMG| TINCHO · wall_segment Palisade Wall x2 |
| 20:29 | chambritas · wall_segment Palisade Wall x6 |
| 20:32 | chambritas · wall_segment Palisade Wall x5 |
| 20:41 | |FMG| TINCHO · first_market_buy 100 food |
| 21:39 | FMG | Culero Connor · age_up castle |
| 21:54 | chambritas · first_market_sell 100 wood |
| 21:56 | FMG | GreatMaty · first_market_buy 500 food |
| 21:57 | FMG | GreatMaty · first_market_sell 500 stone |
| 21:58 | chambritas · first_market_buy 100 food |
| 22:10 | |FMG| TINCHO · wall_segment Palisade Wall x2 |
| 22:18 | |FMG| TINCHO · wall_segment Palisade Wall x1 |
| 22:50 | Ahsoka · wall_segment Palisade Wall x10 |
| 22:52 | Ahsoka · wall_segment Palisade Wall x10 |
| 23:01 | chambritas · wall_segment Palisade Wall x3 |
| 23:07 | FMG | GreatMaty · wall_segment Palisade Wall x1 |
| 23:16 | chambritas · wall_segment Palisade Wall x1 |
| 23:18 | chambritas · wall_segment Palisade Wall x1 |
| 23:19 | chambritas · wall_segment Palisade Wall x2 |
| 23:26 | |FMG| TINCHO · age_up castle |
| 23:38 | [SotC] Gandalf · wall_segment Palisade Wall x1 |
| 23:40 | |FMG| TINCHO · wall_segment Palisade Wall x1 |
| 23:40 | FMG | Santiago · age_up castle |
| 23:52 | Ahsoka · first_market_buy 100 food |
| 24:15 | [SotC] Gandalf · resign |
| 24:41 | FMG | Santiago · first_market_sell 100 food |
| 24:49 | chambritas · age_up castle |
[ AI ANALYSIS · 1 CREDIT ]
What really happened in this match?
Wolo.gg analyzes every decision: build order, eco, micro, common mistakes by bracket. Personalized analysis on WhatsApp or Discord in 30 seconds.
Civ guide
Britons
Perfil
FMG | Culero Connor